Map: Emerald City LE

Players

qiita

  • Race: Protoss Protoss
  • League: Diamond
  • Spawn Location: 5:00

Zhargon

  • Race: Zerg Zerg
  • League: Diamond
  • Spawn Location: 5:00

Massa

  • Race: Terran Terran
  • League: Platinum
  • Spawn Location: 11:00

qqq

  • Race: Zerg Zerg
  • League: Platinum
  • Spawn Location: 11:00

VOD

Have the link to the VOD?

Description

Time

  • Played on: Sept. 7, 2020, 3:30 p.m.
  • Length: 15:55
Show
View Real Time Build Order
Export as new Build Order

qiita Protoss 

Build Orders: 1 Gate Expand, Chargelot Immortal 

Get SALT Encoding   

  12  0:00  Probe  
  13  0:12  Probe  
  14  0:18  Pylon  
  14  0:24  Probe  
  15  0:36  Probe (Chrono Boost)  
  15  0:38  Gateway  
  16  0:46  Assimilator  
  16  0:48  Probe (Chrono Boost)  
  17  0:53  Probe (Chrono Boost)  
  18  1:03  Probe  
  19  1:15  Probe  
  20  1:27  Probe  
  20  1:30  Nexus  
  21  1:39  Probe  
  22  1:46  Cybernetics Core  
  22  1:51  Probe  
  22  1:53  Pylon  
  23  2:12  Assimilator  
  22  2:22  Adept  
  24  2:24  Probe  
  24  2:25  Warp Gate  
  25  2:30  Twilight Council  
  25  2:36  Probe  
  26  2:45  Probe  
  26  3:03  Probe, Charge (Chrono Boost)  
  26  3:04  Pylon  
  27  3:11  Robotics Facility  
  27  3:14  Gateway  
  27  3:16  Gateway  
  27  3:20  Probe, Pylon  
  28  3:32  Probe  
  29  3:39  Probe  
  30  3:47  Probe  
  31  3:52  Probe  
  32  3:57  Warp Prism (Chrono Boost)  
  32  3:59  Probe  
  32  4:01  Gateway  
  35  4:04  Probe  
  36  4:11  Gateway  
  36  4:13  Probe  
  37  4:19  Zealot  
  37  4:20  Zealot  
  37  4:24  Probe  
  42  4:26  Zealot  
  44  4:37  Observer  
  45  4:41  Zealot x2  
  49  4:48  Probe  
  49  4:49  Probe  
  51  4:54  Pylon  
  51  4:57  Pylon  
  51  5:00  Probe  
  46  5:09  Immortal (Chrono Boost)  
  46  5:14  Probe  
  51  5:19  Probe  
  52  5:26  Forge  
  52  5:27  Forge  
  52  5:31  Zealot x3  
  52  5:32  Zealot  
  58  5:59  Protoss Ground Armor Level 1 (Chrono Boost)  
  58  6:04  Immortal  
  58  6:08  Zealot x4  
  58  6:09  Zealot  
  58  6:10  Probe  
  73  6:12  Probe  
  74  6:22  Probe  
  75  6:25  Assimilator  
  75  6:29  Assimilator  
  75  6:31  Protoss Ground Weapons Level 1 (Chrono Boost)  
  75  6:36  Nexus  
  75  6:38  Pylon  
  75  6:39  Robotics Bay  
  75  6:42  Pylon  
  69  7:02  Probe  
  69  7:03  Probe  
  71  7:13  Immortal  
  71  7:14  Probe  
  76  7:19  Zealot  
  76  7:20  Zealot x3  
  78  7:45  Zealot x2  
  78  7:46  Zealot x3  
  86  7:52  Immortal  
  88  8:04  Probe  
  81  8:06  Extended Thermal Lance  
  81  8:13  Gateway  
  81  8:14  Gateway  
  81  8:15  Gateway  
  81  8:16  Gateway  
  81  8:20  Zealot x5  
  91  8:30  Colossus  
  97  8:42  Gateway  
  97  8:43  Gateway  
  97  8:46  Photon Cannon  
  97  8:48  Photon Cannon  
  97  8:51  Photon Cannon  
  75  9:15  Zealot x5  
  75  9:16  Zealot x4  
  81  9:34  Probe  
  81  9:35  Probe x2  
  81  9:36  Colossus  
  88  9:39  Protoss Ground Armor Level 2  
  88  9:50  Assimilator  
  88  9:51  Probe  
  89  9:54  Assimilator  
  89  10:10  Templar Archives  
  89  10:12  Pylon  
  89  10:15  Pylon  
  89  10:26  Zealot  
  89  10:27  Zealot x3  
  97  10:30  Colossus  
  103  10:37  Zealot  
  103  10:38  Zealot x5  
  103  10:39  Zealot  
  113  10:53  High Templar x2  
  113  10:54  High Templar x2  
  115  11:02  Archon x2  
  111  11:24  Observer  
  111  11:25  Zealot x5  
  104  11:26  Zealot x3  
  104  11:46  Observer  
  105  11:49  High Templar x3  
  111  11:55  Archon  
  109  12:06  Colossus  
  100  12:22  High Templar  
  102  12:23  High Templar x2  
  102  12:24  Zealot x2  
  102  12:25  Zealot x4  
  102  12:26  Zealot  
  102  12:29  Archon  
  120  12:41  High Templar  
  120  12:53  Archon  
  112  13:11  Zealot x2  
  112  13:12  Zealot x5  
  102  14:01  High Templar x3  
  102  14:02  High Templar x5, Nexus  
  116  14:06  Pylon  
  116  14:08  Pylon  
  116  14:09  Archon x2  
  118  14:10  Archon, Pylon  
  118  14:11  Archon  
  119  14:17  Observer  
  119  14:19  Zealot x3  
  125  14:44  Zealot x2  
  125  14:45  Zealot x5  
  133  14:46  Zealot x4  
  145  15:17  Assimilator  
Show
View Real Time Build Order
Export as new Build Order

Zhargon Zerg 

Build Orders: Hatch First, Muta Ling Bane 

Get SALT Encoding   

  12  0:00  Drone  
  13  0:12  Overlord  
  13  0:17  Drone  
  14  0:31  Drone x2  
  16  0:38  Drone  
  17  0:54  Drone  
  17  0:55  Hatchery  
  17  1:01  Drone  
  18  1:08  Extractor  
  17  1:16  Spawning Pool  
  17  1:17  Drone  
  17  1:19  Drone  
  18  1:28  Drone  
  19  1:45  Drone  
  20  2:02  Queen  
  20  2:06  Overlord  
  20  2:07  Queen  
  24  2:08  Zergling x2  
  24  2:09  Zergling x2  
  26  2:22  Metabolic Boost  
  26  2:26  Drone x3  
  29  2:39  Hatchery  
  29  2:41  Drone  
  29  2:42  Drone  
  30  2:55  Drone x4  
  34  3:04  Drone  
  34  3:05  Overlord  
  35  3:13  Drone  
  36  3:25  Drone x5, Queen  
  43  3:37  Drone  
  44  3:46  Overlord x2  
  43  3:49  Extractor  
  43  3:53  Queen  
  43  3:54  Drone x5  
  49  3:59  Lair  
  49  4:05  Drone x3  
  49  4:06  Extractor, Drone  
  49  4:09  Extractor  
  51  4:12  Drone x2  
  51  4:13  Drone  
  54  4:27  Drone  
  54  4:29  Drone  
  54  4:30  Drone x3  
  59  4:36  Zergling x4  
  61  4:43  Zergling x8  
  64  4:54  Drone  
  65  5:12  Spine Crawler  
  64  5:15  Spire  
  64  5:17  Roach Warren, Zergling x2  
  64  5:18  Zergling x6  
  66  5:30  Overlord x4  
  66  5:31  Overlord  
  66  5:33  Overlord  
  66  5:34  Overlord x4  
  64  5:45  Overlord x2  
  64  5:48  Zergling x2  
  64  5:49  Zergling x12  
  69  5:52  Queen  
  63  6:04  Overseer  
  63  6:09  Drone x3  
  63  6:10  Drone  
  67  6:28  Mutalisk x11  
  67  6:31  Zerg Flyer Weapons Level 1  
  89  6:38  Drone x6  
  95  6:51  Pneumatized Carapace  
  95  6:58  Hatchery  
  94  7:08  Mutalisk x3  
  96  7:10  Zergling x2  
  96  7:11  Zergling x18  
  110  7:25  Mutalisk  
  110  7:26  Mutalisk  
  115  7:37  Zergling x18  
  115  7:38  Zergling x2  
  124  7:56  Drone, Baneling Nest  
  124  7:57  Drone x6, Evolution Chamber  
  129  7:59  Evolution Chamber  
  129  8:01  Extractor x2  
  119  8:48  Drone  
  119  8:49  Drone x7  
  119  8:50  Drone x3  
  119  8:51  Queen  
  119  8:54  Zerg Melee Weapons Level 1, Zerg Ground Armor Level 1  
  123  9:03  Mutalisk x7  
  123  9:04  Mutalisk  
  118  9:19  Mutalisk x2  
  118  9:20  Mutalisk  
  124  9:30  Zerg Flyer Weapons Level 2  
  124  9:33  Drone x2  
  124  9:34  Drone x2  
  124  9:37  Extractor  
  127  9:38  Extractor  
  127  9:39  Centrifical Hooks  
  127  9:44  Zergling x2  
  127  9:45  Zergling x32  
  139  9:46  Infestation Pit  
  120  10:03  Hatchery  
  120  10:06  Extractor  
  116  10:21  Mutalisk  
  116  10:22  Mutalisk x4  
  126  10:34  Drone x5  
  126  10:35  Drone  
  132  10:39  Drone x2  
  132  10:40  Drone x9  
  143  10:44  Mutalisk x2  
  143  10:45  Mutalisk x2  
  151  11:03  Baneling x4  
  151  11:09  Baneling x9  
  151  11:10  Baneling x2  
  151  11:11  Zergling x4  
  150  11:13  Overlord  
  150  11:14  Overlord x10  
  134  11:42  Mutalisk x8  
  140  11:51  Zergling x2  
  140  11:52  Zergling x8  
  141  12:00  Zerg Ground Armor Level 2, Zerg Melee Weapons Level 2  
  141  12:10  Drone x3  
  141  12:11  Drone x5  
  141  12:12  Queen  
  151  12:26  Baneling x4  
  151  12:27  Baneling x6  
  151  12:48  Hive  
  147  12:57  Queen  
  148  13:01  Extractor  
  148  13:05  Mutalisk x2  
  147  13:06  Mutalisk x8  
  167  13:28  Zerg Flyer Armor Level 1  
  167  13:32  Hatchery  
  167  13:33  Extractor, Mutalisk x6  
  175  13:34  Extractor  
  176  13:53  Zergling x2  
  176  13:54  Zergling x46  
  198  14:14  Adrenal Glands  
  198  14:19  Zergling x4  
  200  14:27  Baneling x2  
  200  14:28  Baneling x27  
  200  14:29  Baneling  
  198  14:58  Queen  
  196  15:11  Ultralisk Cavern  
Show
View Real Time Build Order
Export as new Build Order

Massa Terran 

Build Orders: Gas First Reaper Expand 

Get SALT Encoding   

  12  0:00  SCV  
  13  0:12  SCV  
  14  0:18  Supply Depot  
  14  0:24  SCV  
  15  0:34  Refinery  
  15  0:40  Barracks  
  15  0:44  SCV  
  16  0:56  SCV  
  17  1:08  SCV  
  18  1:21  SCV  
  19  1:27  Reaper  
  20  1:33  SCV  
  20  1:38  Command Center  
  21  1:48  Orbital Command  
  21  2:02  Marine  
  22  2:17  SCV  
  23  2:31  Factory  
  23  2:32  Barracks  
  23  2:34  Supply Depot  
  23  2:39  Supply Depot  
  23  2:50  SCV  
  24  3:02  SCV  
  25  3:07  Marine  
  25  3:09  Orbital Command  
  26  3:14  SCV  
  26  3:18  Factory Tech Lab  
  27  3:25  Marine  
  27  3:26  SCV  
  29  3:52  Barracks Tech Lab  
  29  3:55  Siege Tank  
  31  3:56  SCV  
  31  3:57  SCV  
  33  4:05  Supply Depot  
  33  4:09  SCV x2  
  35  4:14  Supply Depot  
  35  4:17  Supply Depot  
  35  4:21  SCV x2  
  37  4:27  Marauder  
  39  4:33  SCV  
  39  4:36  Siege Tank  
  39  4:37  Barracks Reactor  
  43  4:44  SCV  
  43  4:45  SCV  
  45  4:48  Marauder  
  47  4:55  Engineering Bay  
  47  4:59  Engineering Bay  
  47  5:02  Refinery  
  47  5:04  Ghost Academy  
  47  5:11  SCV x2  
  49  5:17  Refinery, Command Center  
  49  5:24  Refinery  
  49  5:31  Terran Infantry Weapons Level 1  
  49  5:38  Missile Turret  
  42  5:57  Marauder, Marine x2  
  42  5:59  Missile Turret  
  44  6:06  Concussive Shells  
  44  6:15  SCV x2, Marine x2  
  50  6:18  Marauder  
  50  6:19  Missile Turret  
  50  6:25  Terran Infantry Armor Level 1  
  50  6:27  SCV x2  
  50  6:32  Barracks  
  52  6:33  Marine x2  
  52  6:35  Barracks  
  56  6:40  Marauder  
  56  6:42  Missile Turret  
  56  6:45  Missile Turret  
  56  6:49  Missile Turret  
  56  6:51  Orbital Command, Marine x2  
  57  7:01  Missile Turret  
  57  7:05  Stimpack  
  57  7:08  Missile Turret  
  57  7:11  Marauder, Marine  
  57  7:12  Marine  
  59  7:29  Marine  
  60  7:30  Marine  
  60  7:32  Marine  
  62  7:37  Marine x2  
  64  7:47  Marine x2  
  64  7:49  Marine  
  67  7:55  Marine x2  
  69  8:05  Marine x2  
  71  8:25  Marauder, Marine x3  
  75  8:37  Barracks Reactor  
  74  8:46  Marauder  
  73  9:08  Marauder  
  66  9:22  Armory  
  66  9:30  Barracks Tech Lab  
  66  9:40  Missile Turret  
  66  9:41  Refinery, Missile Turret  
  66  9:46  Marine  
  66  9:47  Marine x4  
  66  9:48  Marine  
  71  10:00  Missile Turret  
  71  10:01  Missile Turret  
  71  10:04  Marine  
  71  10:05  Marine x2  
  73  10:22  Missile Turret  
  73  10:23  Missile Turret  
  72  10:34  Terran Infantry Weapons Level 2  
  70  10:41  Barracks Tech Lab  
  70  10:42  Marauder, Marine x4  
  69  10:58  Command Center  
  67  11:25  Marine x2  
  51  11:26  Marine  
  54  11:32  Marine  
  54  11:33  Marine  
  36  11:43  Marine x3  
  23  12:09  Thor  
  23  12:12  Marine x3  
  32  12:18  SCV  
  33  12:31  Orbital Command  
  33  12:32  Combat Shield  
  33  12:46  Missile Turret  
  33  12:48  Missile Turret  
  33  12:49  Missile Turret  
  28  12:52  Thor  
  29  13:01  SCV x3  
  32  13:08  Missile Turret  
  19  13:45  Marauder, Marine x2  
  19  13:46  Marine x2  
  19  13:47  Thor  
  31  13:52  SCV  
  31  13:54  SCV  
  33  14:05  SCV  
  33  14:07  Marauder  
  36  14:17  SCV  
  37  14:23  Missile Turret  
  37  14:28  Marauder  
  39  14:33  Missile Turret  
  39  14:40  SCV x2  
  39  14:42  Missile Turret  
  41  14:49  Marauder, Thor x2  
  41  14:52  SCV x2  
  45  15:03  Missile Turret  
  45  15:07  Orbital Command  
  45  15:10  SCV  
  45  15:11  SCV, Marauder  
  49  15:23  SCV x2, Marine x2  
  49  15:24  Missile Turret  
  49  15:25  Marine  
  50  15:44  Missile Turret  
Show
View Real Time Build Order
Export as new Build Order

qqq Zerg 

Build Orders: Hatch First 

Get SALT Encoding   

  12  0:00  Drone  
  13  0:11  Drone  
  14  0:35  Hatchery  
  13  0:54  Spawning Pool  
  12  0:58  Drone  
  12  1:03  Overlord  
  13  1:08  Drone  
  13  1:10  Extractor  
  13  1:15  Drone  
  14  1:22  Drone  
  15  1:31  Drone  
  16  1:52  Drone, Roach Warren  
  16  1:53  Drone  
  17  2:06  Queen  
  19  2:09  Drone  
  20  2:17  Drone  
  20  2:19  Drone  
  22  2:30  Zergling x2  
  22  2:31  Zergling x2  
  24  2:50  Roach  
  24  2:51  Roach  
  27  2:57  Drone  
  27  2:58  Overlord  
  28  2:59  Overlord  
  28  3:07  Spine Crawler  
  28  3:10  Drone  
  28  3:16  Roach  
  30  3:27  Drone x5  
  30  3:29  Roach  
  37  3:34  Roach  
  39  3:43  Lair  
  39  3:46  Drone  
  40  3:57  Roach x2  
  40  4:00  Overlord  
  40  4:02  Overlord  
  44  4:18  Roach  
  44  4:19  Roach  
  44  4:20  Drone  
  44  4:21  Drone  
  50  4:26  Drone  
  51  4:33  Roach  
  52  4:49  Metabolic Boost  
  52  4:51  Roach x2  
  52  4:52  Drone x2  
  58  4:53  Roach  
  58  5:08  Roach  
  58  5:09  Hatchery, Overlord  
  59  5:18  Drone, Extractor  
  59  5:19  Overlord x3  
  59  5:21  Overlord  
  51  6:02  Roach x3  
  51  6:03  Drone x3  
  56  6:09  Queen  
  56  6:10  Glial Reconstitution  
  58  6:23  Drone  
  58  6:24  Drone  
  60  6:33  Hatchery  
  60  6:35  Roach x3  
  60  6:37  Drone  
  66  6:41  Hatchery  
  66  6:44  Drone  
  66  6:46  Overlord  
  66  6:53  Hatchery  
  64  6:55  Drone x5  
  64  6:57  Spore Crawler  
  68  7:07  Spore Crawler  
  67  7:09  Spore Crawler  
  67  7:12  Spore Crawler x2  
  67  7:15  Spore Crawler  
  61  7:27  Overlord x3  
  61  7:34  Drone x4  
  63  7:51  Spore Crawler  
  58  7:52  Spore Crawler  
  55  7:58  Spore Crawler  
  55  8:00  Drone x3  
  55  8:02  Spore Crawler x2  
  51  8:06  Drone  
  51  8:08  Drone x2  
  51  8:10  Drone  
  51  8:11  Drone  
  56  8:27  Spore Crawler  
  55  8:39  Hydralisk Den, Roach x3  
  61  8:41  Drone x3  
  61  8:42  Drone x3  
  61  8:43  Drone  
  67  8:52  Spine Crawler  
  66  9:07  Roach  
  66  9:08  Drone, Roach x2  
  66  9:09  Drone x6  
  78  9:10  Drone  
  78  9:29  Hydralisk  
  78  9:31  Drone x4  
  80  9:34  Spore Crawler  
  80  9:36  Spore Crawler  
  80  9:37  Spine Crawler  
  73  9:38  Spore Crawler  
  73  9:40  Spine Crawler x2  
  73  9:41  Spore Crawler  
  64  9:48  Spore Crawler  
  64  9:49  Drone x3, Spore Crawler  
  64  9:50  Drone x3  
  64  9:52  Drone  
  68  10:01  Drone  
  68  10:03  Drone x5  
  68  10:04  Drone  
  68  10:06  Drone  
  76  10:17  Hydralisk x4  
  84  10:23  Drone x3  
  84  10:24  Drone  
  84  10:25  Drone  
  89  10:29  Muscular Augments  
  89  10:34  Queen  
  91  10:54  Hydralisk x3  
  91  10:55  Roach x3  
  91  10:56  Drone x3  
  91  10:57  Drone x3  
  81  11:04  Roach  
  81  11:05  Roach x2  
  81  11:10  Roach x2  
  91  11:11  Roach x3  
  97  11:21  Spore Crawler  
  97  11:25  Spore Crawler  
  93  11:44  Spore Crawler  
  93  11:46  Spore Crawler  
  82  11:49  Roach x2  
  82  11:50  Zergling x12, Roach  
  82  11:51  Drone  
  82  11:52  Drone x2, Roach x3  
  94  12:11  Roach x3  
  94  12:12  Drone x2  
  94  12:15  Zergling x6  
  103  12:25  Roach  
  103  12:26  Roach x2  
  109  12:35  Zergling x4, Hydralisk Den  
  109  12:36  Roach  
  114  12:37  Roach x6  
  120  12:48  Hatchery  
  109  13:03  Roach x5  
  109  13:04  Roach x4  
  100  13:17  Extractor, Spire  
  100  13:18  Extractor  
  97  13:20  Extractor  
  97  13:21  Extractor  
  97  13:22  Extractor  
  97  13:23  Drone x4  
  97  13:24  Extractor  
  97  13:29  Extractor, Drone x3  
  97  13:32  Extractor, Roach x6  
  108  13:48  Drone x4  
  112  14:03  Roach x4  
  107  14:17  Drone x3  
  107  14:20  Drone x3  
  107  14:21  Drone x2  
  115  14:30  Drone x2  
  117  14:34  Spore Crawler  
  117  14:38  Spore Crawler  
  115  14:39  Spore Crawler  
  115  14:42  Spore Crawler  
  113  14:47  Roach x2  
  112  15:10  Overlord x3  
  112  15:11  Overlord x6  
Tags
 
Add a new tag
Caveats
  • Supply blocks, unpowered buildings, or Contaminate may cause inaccurate times.
  • Supply counts are checked every 10 seconds.